 Dungeon Crawl Stone Soup version 0.28-a0-535-g6f645e4c1d (webtiles) character file.

Game seed: 4900679940291544701

72 sanka the Changer (level 3, -4/27 HPs)
             Began as a Demigod Transmuter on Sept 26, 2021.
             Slain by a gnoll (8 damage)
             ... on level 2 of the Dungeon.
             The game lasted 00:02:53 (2418 turns).

sanka the Changer (Demigod Transmuter)              Turns: 2418, Time: 00:02:54

Health: -4/27      AC:  2    Str: 11    XL:     3   Next: 80%
Magic:  5/8        EV: 12    Int: 19    God:
Gold:   40         SH:  0    Dex: 14    Spells: 0/6 levels left

rFire   . . .      SeeInvis .     - Unarmed
rCold   . . .      Faith    .   (no shield)
rNeg    . . .      Spirit   .   a - +0 robe
rPois   .          Reflect  .   (no helmet)
rElec   .          Harm     .   (no cloak)
rCorr   .          Rampage  .   (no gloves)
Will    .....                   (no boots)
Stlth   +.........              (no amulet)
HPRegen 0.09/turn               (no ring)
MPRegen 0.11/turn               (no ring)

@: no status effects
A: high mp 1, forlorn
a: no special abilities


You were on level 2 of the Dungeon.
You visited 1 branch of the dungeon, and saw 2 of its levels.

You collected 40 gold pieces.


Innate Abilities, Weirdness & Mutations

Your attributes grow dramatically as you level up.
You have an increased reservoir of magic. (+10% MP)
You shall have no god before yourself.


   Skills:
 - Level 0.8 Fighting
 - Level 1.7 Dodging
 - Level 2.6 Unarmed Combat
 - Level 2.0 Spellcasting
 + Level 3.9 Transmutations


You couldn't memorise any spells.
You knew the following spells:

 Your Spells              Type           Power      Damage    Failure   Level
x - Spider Form           Tmut/Pois      4%         N/A       22%         3
y - Wereblood             Tmut           16%        N/A       5%          2
z - Beastly Appendage     Tmut           32%        N/A       3%          1

Your spell library contained the following spells:

 Spells                   Type           Power      Damage    Failure   Level
 Apportation              Tloc           2%         N/A       17%         1
 Slow                     Hex            1%         N/A       26%         2
 Confusing Touch          Hex            1%         N/A       45%         3
 Vampiric Draining        Necr           0%         2d6       45%         3
 Ice Form                 Ice/Tmut       9%         N/A       58%         4

Inventory:

Missiles
 e - 16 poisoned darts
Armour
 a - a +0 robe (worn)
Scrolls
 b - a scroll of identify {unknown}
 d - a scroll of noise {unknown}
 f - a scroll of silence {unknown}
 g - a scroll of enchant weapon {unknown}
 h - a scroll of teleportation {unknown}
Potions
 c - a potion of haste {unknown}

Dungeon Overview and Level Annotations

Branches:
Dungeon (2/15)

▒▒▒▒....▒..........▒.....
▒)......▒...▒...▒▒▒▒.....
.......▒. ▒....▒ ▒▒▒▒▒▒
....?.▒ ▒....▒▒ ▒....
▒....▒▒▒▒▒....(▒▒▒.... .
▒..............'''....
....▒...)g...▒▒...........
.........g...▒▒...........
......▒▒▒p)..▒▒...........
..... ▒▒....▒▒...........
......▒▒......▒...........
▒▒▒..........▒▒▒▒▒▒▒▒....
................▒▒▒▒▒▒....
.............)............
..........................
.....▒▒▒......▒▒..........
..... ▒......▒▒..........


You could see 2 gnolls.


Message History

You bite the gnoll!
The gnoll is poisoned.
The gnoll is heavily wounded.
The gnoll misses you. The gnoll misses you. The gnoll misses you.
You hit the gnoll.
The gnoll looks as sick as possible!
The gnoll is severely wounded.
You kill the gnoll!
The gnoll misses you. The gnoll hits you with a +0 spear!
You hit the gnoll but do no damage.
The gnoll is poisoned.
The gnoll misses you. The gnoll hits you with a +0 spear.
* * * LOW HITPOINT WARNING * * *
The gnoll closely misses you.
You hit the gnoll.
The gnoll looks as sick as possible!
The gnoll is moderately wounded.
The gnoll barely misses you. The gnoll barely misses you.
The gnoll hits you with a +0 whip!
* * * LOW HITPOINT WARNING * * *
You hit the gnoll.
You kill the gnoll!
Your transformation has ended.
The gnoll hits you from afar with a +0 spear!
You die...

Action                   || total
-------------------------++-------
Melee: Unarmed           ||    87
       Kick              ||    23
       Headbutt          ||    13
 Cast: Beastly Appendage ||    25
       Spider Form       ||     1
 Stab: Sleeping          ||     2
Armor: Robe              ||     5
       Skin              ||     1
Dodge: Dodged            ||    54

Levels and vault maps discovered:
D:1:      dpeg_arrival_simpleton_b, layout_basic,
          shapermc_ecumenical_altar_rom_forum
D:2:      layout_basic

Notes
Turn   | Place    | Note
-------+----------+-------------------------------------------
     0 | D:1      | sanka the Demigod Transmuter began the quest for the Orb.
     0 | D:1      | Reached XP level 1. HP: 15/15 MP: 5/5
    52 | D:1      | Reached skill level 2 in Spellcasting
    52 | D:1      | Reached skill level 2 in Transmutations
    81 | D:1      | HP: 1/15 [giant cockroach (2)]
   378 | D:1      | Reached XP level 2. HP: 22/22 MP: 5/7
   389 | D:1      | Learned a level 2 spell: Wereblood
  1071 | D:1      | Reached skill level 3 in Transmutations
  1099 | D:1      | Got Plato's Compendium of the Compass
  1344 | D:2      | Reached XP level 3. HP: 16/27 MP: 5/8
  2394 | D:2      | Learned a level 3 spell: Spider Form
  2418 | D:2      | Slain by a gnoll

Vanquished Creatures
  2 gnolls (D:2)
  2 adders (D:2)
  2 worms (D:2)
  2 dart slugs (D:1)
  4 bats
  An endoplasm (D:2)
  2 giant cockroaches (D:1)
  4 goblins
  2 hobgoblins (D:1)
  3 kobolds (D:1)
  A quokka (D:2)
  3 ball pythons
  3 frilled lizards (D:1)
  5 rats
36 creatures vanquished.
